 Dungeon Crawl Stone Soup version 0.29.1-15-g9cfb28693d (webtiles) character file.

Game seed: 6891218468111127804

702 H0rd4k the Insei (level 7, -3/48 HPs)
             Began as an Octopode Artificer on Mar 8, 2023.
             Slain by Menkaure (16 damage)
             ... on level 5 of the Dungeon.
             The game lasted 00:03:52 (5945 turns).

H0rd4k the Insei (Octopode Artificer)               Turns: 5945, Time: 00:03:52

Health: -3/48      AC:  5    Str: 11    XL:     7   Next: 66%
Magic:  0/11       EV: 13    Int: 15    God:
Gold:   336        SH:  0    Dex: 13    Spells: 12/12 levels left

rFire   + . .      SeeInvis .     - Unarmed
rCold   x . .      Faith    .   (no shield)
rNeg    . . .      Spirit   +   (helmet restricted)
rPois   +          Reflect  .   q - amulet of guardian spirit
rElec   .          Harm     .   i - ring of fire
rCorr   .          Rampage  .   p - +4 ring of protection
Will    .....                   u - ring of poison resistance
Stlth   +++.......              (no ring)
HPRegen 0.16/turn               (no ring)
MPRegen 0.12/turn               (no ring)
                                (no ring)
                                (no ring)

@: no status effects
A: almost no armour, amphibious, 8 rings, camouflage 1, gelatinous body 1,
(nimble swimmer 1), tentacles
a: no special abilities


You were on level 5 of the Dungeon.
You visited 1 branch of the dungeon, and saw 5 of its levels.

You collected 336 gold pieces.

Inventory:

Missiles
 r - 5 poisoned darts
Jewellery
 i - a ring of fire (left tentacle)
 p - a +4 ring of protection (right tentacle)
 q - an amulet of guardian spirit (around mantle)
 u - a ring of poison resistance (on tentacle)
Wands
 c - a wand of charming (13)
 d - a wand of iceblast (1)
Scrolls
 a - 5 scrolls of teleportation {unknown}
 b - a scroll of immolation {unknown}
 e - 2 scrolls of identify {unknown}
 f - 2 scrolls of noise {unknown}
 h - 2 scrolls of magic mapping {unknown}
 k - a scroll of fear {unknown}
 o - a scroll of amnesia {unknown}
 t - a scroll of vulnerability {unknown}
 v - a scroll of poison {unknown}
Potions
 g - a potion of brilliance {unknown}
 j - a potion of might {unknown}
 l - 2 potions of lignification {unknown}
 m - 4 potions of curing
 n - a potion of mutation {unknown}
 s - a potion of haste {unknown}


   Skills:
 * Level 4.3 Fighting
 - Level 2.3 Dodging
 - Level 1.3 Stealth
 + Level 5.5 Unarmed Combat
 * Level 3.3 Spellcasting
 - Level 3.2 Evocations


You had 12 spell levels left.
You didn't know any spells.
Your spell library was empty.

Dungeon Overview and Level Annotations

Branches:
Dungeon (5/15)
 Temple: D:4-7

Altars:
Uskayaw

Annotations:
D:5 Menkaure


Innate Abilities, Weirdness & Mutations

You cannot wear most types of armour.
You are amphibious.
You can wear up to eight rings at the same time.
Your skin changes colour to match your surroundings (Stealth+).
Your rubbery body absorbs attacks. (AC +1, EV +1)
((You are camouflaged when in or above water. (Stealth+)))
You have tentacles for arms and can constrict up to eight enemies at once.


Message History

Found a stone staircase leading down.
You now have 336 gold pieces (gained 8).
There is a stone staircase leading down here.
m - 5 bubbling silvery potions (gained 1)
A hound comes into view.
A hound is nearby!
A hound is nearby!
Menkaure, Prince of Dust comes into view.
The hound barks!
Menkaure shouts!
Menkaure casts a spell.
Menkaure seems to speed up.
You closely miss the hound. You grab the hound. You constrict the hound.
The hound bites you.
You tentacle-slap the hound.
The hound is heavily wounded.
You constrict the hound, but do no damage.
The hound bites you but does no damage.
Menkaure calls on the powers of darkness!
The hound convulses!
Your body is wracked with pain!
You tentacle-slap the hound.
You squeeze the hound, but do no damage.
The hound is almost dead.
You constrict the hound. The hound bites you.
The hound bites you but does no damage.
You bludgeon the hound!
You kill the hound!
Menkaure barely misses you. Menkaure hits you!!
* * * LOW HITPOINT WARNING * * *
You are too injured to fight recklessly!
You are too injured to fight recklessly!
Menkaure is nearby!
Aiming: Charm
Press: ? - help, Shift-Dir - straight line, f - Menkaure
Aim: Menkaure (fast, chance to affect: 57%) Menkaure resists with significant effort.
Menkaure hits you!
* * * LOW HITPOINT WARNING * * *
Unknown command.
It was a potion of curing.
You feel better. Menkaure hits you!
You die...

#...# ... #...# ### ...
#...##.... ....
#...#..... .....
#............ .
.....##.........#.# ...
.......M.....##.#.# ...
.......@........#.###...
........................
........................
#+##.......##......#...#
..................#...#
#.#.....................
# #......#.#########...#
#......#.# #...#
#.######.# #...#


You could see Menkaure (fast).

Vanquished Creatures
  2 black bears (D:4)
  A phantom (D:4)
  A scorpion (D:5)
  2 hounds
  Jessica (D:2)
  3 iguanas
  An orc wizard (D:4)
  Robin (D:2)
  3 gnolls (D:4)
  4 adders
  A shadow imp (D:4)
  2 ufetubi (D:4)
  6 dart slugs
  6 orcs
  5 bats
  4 endoplasms
  5 giant cockroaches
  17 goblins
  11 hobgoblins
  4 jackals (D:1)
  3 quokkas
  11 ball pythons
  6 frilled lizards
  5 kobolds
  6 rats
111 creatures vanquished.

Vanquished Creatures (others)
  A gnoll (D:4)
1 creature vanquished.

Grand Total: 112 creatures vanquished

Notes
Turn   | Place    | Note
-------+----------+-------------------------------------------
     0 | D:1      | H0rd4k the Octopode Artificer began the quest for the Orb.
     0 | D:1      | Reached XP level 1. HP: 13/13 MP: 1/1
   214 | D:1      | Reached XP level 2. HP: 18/18 MP: 1/3
   258 | D:1      | Reached skill level 1 in Spellcasting
   515 | D:1      | Found a faded altar of an unknown god.
   645 | D:1      | Reached XP level 3. HP: 10/24 MP: 3/5
   651 | D:1      | HP: 1/24 [jackal (1)]
  1338 | D:1      | HP: 1/24 [quokka (4)]
  1917 | D:2      | Reached skill level 1 in Unarmed Combat
  2710 | D:2      | Reached XP level 4. HP: 27/30 MP: 6/6
  2797 | D:2      | Noticed Robin
  2807 | D:2      | Killed Robin
  3211 | D:2      | Noticed Jessica
  3220 | D:2      | Killed Jessica
  3221 | D:2      | Reached skill level 2 in Unarmed Combat
  3944 | D:3      | Reached XP level 5. HP: 35/35 MP: 8/8
  4705 | D:4      | Noticed a phantom
  4711 | D:4      | Killed a phantom
  4712 | D:4      | Reached skill level 3 in Unarmed Combat
  4712 | D:4      | Reached XP level 6. HP: 42/42 MP: 9/9
  4741 | D:4      | Found a hide-covered altar of Uskayaw.
  4963 | D:4      | Reached skill level 4 in Unarmed Combat
  5213 | D:4      | Noticed a black bear
  5217 | D:4      | Killed a black bear
  5218 | D:4      | Reached XP level 7. HP: 47/47 MP: 11/11
  5452 | D:4      | Reached skill level 5 in Unarmed Combat
  5671 | D:5      | Entered Level 5 of the Dungeon
  5936 | D:5      | Noticed Menkaure
  5945 | D:5      | Slain by Menkaure

Illustrated notes

Levels and vault maps discovered:
D:1:      saegor_arrival_simple_a, layout_basic, ebering_ecumenical_altar_rust
D:2:      layout_basic, chequers_serial_rivers_marsh, minmay_heptomino_d4,
          uniq_jessica, uniq_robin
D:3:      layout_basic, hangedman_feature_mirror, st_stairs_10
D:4:      layout_cave_pods, mainiacjoe_overflow_six_doors_small,
          minmay_crossroads
D:5:      layout_basic, lemuel_temple_firewalk_b, uniq_menkaure,
          uniq_blork_the_orc, uniq_crazy_yiuf_cottage

Skill      XL: |  1  2  3  4  5  6  7 |
---------------+----------------------+-----
Spellcasting   | 1 2 3 |  3.3
Fighting       | 2 3 4 |  4.3
Unarmed Combat | 1 2 3 4 5 |  5.5
Dodging        | |  2.3
Stealth        | |  1.3
Evocations     | |  3.2

Action                   |  1- 3 |  4- 6 |  7- 9 || total
-------------------------+-------+-------+-------++-------
Melee: Unarmed           |   126 |    96 |    24 ||   246
       Constrict         |    37 |    29 |     7 ||    73
       Tentacles         |    24 |    21 |     8 ||    53
       Punch             |     1 |     3 |     1 ||     5
Evoke: Wand              |       |    18 |     3 ||    21
  Use: Potion            |       |       |     1 ||     1
 Stab: Sleeping          |     9 |    11 |     1 ||    21
Armor: Skin              |    16 |    12 |     5 ||    33
Dodge: Dodged            |    73 |    48 |     8 ||   129
